 Dungeon Crawl Stone Soup version 0.13-a0-1585-g6f4f798 (webtiles) character file.

306 Kae the Chiller (level 5, -2/28 HPs)
             Began as a Deep Elf Ice Elementalist on June 12, 2013.
             Killed from afar by an orc wizard (10 damage)
             ... with a magic dart
             ... on Level 3 of the Dungeon.
             The game lasted 00:06:38 (2335 turns).

Kae the Chiller (Deep Elf Ice Elementalist)         Turns: 2335, Time: 00:06:38

HP  -2/28        AC  4     Str  6      XL: 5   Next: 54%
MP  13/17        EV 13     Int 20      God:
Gold 99          SH  0     Dex 15      Spells:  3 memorised,  6 levels left

Res.Fire  : x . .   See Invis. : .   (no weapon)
Res.Cold  : + . .   Warding    : .   a - +0 elf robe
Life Prot.: . . .   Conserve   : .   (no shield)
Res.Poison: .       Res.Corr.  : .   (no helmet)
Res.Elec. : .       Clarity    : .   o - +1 cloak
Sust.Abil.: . .     Spirit.Shd : .   (no gloves)
Res.Mut.  : .       Stasis     : .   (no boots)
Res.Rott. : .       Flight     : .   (no amulet)
Saprovore : . . .                    (no ring)
                                     g - ring of ice

@: slowed, very slow, slightly resistant to hostile enchantments, fairly
stealthy
A: no striking features
a: no special abilities


You were on level 3 of the Dungeon.
You were not hungry.

You visited 1 branch of the dungeon, and saw 3 of its levels.

You collected 79 gold pieces.

Inventory:

Armour
 a - a +0 elven robe (worn)
 o - a +1 cloak (worn)
Magical devices
 r - a wand of slowing (0)
Comestibles
 c - 2 bread rations
 i - a sausage
 p - a choko
 q - 9 grapes
 v - 3 chunks of orc flesh
 z - a pear
 A - 2 chunks of orc flesh
Scrolls
 d - a scroll of enchant weapon I {unknown}
 e - a scroll of fog {unknown}
 f - a scroll of teleportation {unknown}
 k - 3 scrolls of identify {unknown}
 l - a scroll of recharging {unknown}
 n - a scroll of enchant weapon II {unknown}
 s - a scroll of enchant armour {unknown}
 x - a scroll of amnesia {unknown}
Jewellery
 g - a ring of ice (left hand)
Potions
 h - 2 potions of agility {unknown}
 j - a potion of heal wounds {unknown}
 m - a potion of restore abilities {unknown}
 t - a potion of might {unknown}
 u - a potion of cure mutation {unknown}
 w - 2 potions of slowing {unknown}
Books
 b - a book of Frost

   Spells                             Type                      Level
   *Freeze                            Ice                          1
   *Throw Frost                       Conjuration/Ice              2
   *Ozocubu's Armour                  Charms/Ice                   3
   Throw Icicle                       Conjuration/Ice              4
   Summon Ice Beast                   Ice/Summoning                4
   Condensation Shield                Ice                          4


   Skills:
 - Level 2.4 Dodging
 - Level 2.4 Stealth
 + Level 4.0 Spellcasting
 * Level 3.2 Conjurations
 * Level 5.1 Ice Magic


You had 6 spell levels left.
You knew the following spells:

 Your Spells              Type           Power        Failure   Level  Hunger
a - Freeze                Ice            ####         1%          1    None
b - Throw Frost           Conj/Ice       ####..       3%          2    #......
c - Ozocubu's Armour      Chrm/Ice       ###.......   14%         3    ###....


Dungeon Overview and Level Annotations

Branches:
Dungeon (3/27)

Altars:
Cheibriados


Message History

Aim: an orc priest, wielding an orcish flail (moderately wounded)
You feel a surge of power!
You freeze the orc priest.
The orc priest is severely wounded.
The orc wizard hits you but does no damage.
The orc wizard misses you.
The orc priest hits you with an orcish flail.
* * * LOW HITPOINT WARNING * * *
The orc wizard casts a spell.
The orc wizard blinks!
Casting: Freeze
Confirm with . or Enter, or press ? or * to list all spells.
Aiming: Freeze
Press: ? - help, Shift-Dir - straight line, f/p - orc priest
Aim: an orc priest, wielding an orcish flail (severely wounded)
You feel a surge of power!
You freeze the orc priest.
You kill the orc priest!
Your Spellcasting skill increases to level 4!
The orc wizard gestures at you while chanting.
The magic dart hits you!
You die...

#......)..##########........
#.........#......# ##.######
#.........#......####.###
#.........#......'.oo.o.#
#.........#......####.#.#
#.........#...o..# #.#.#
#.........#......# #.#.#
#.........#.ยง....# #.#o#
........<'@)..### #.#.#
.........###### #.#o#
........# #.#.# #########
#.#o# ............o
#####.#.#.#o #.#.#.# # #.# #
#.#


You could see an orc wizard.

Vanquished Creatures
  An orc priest (D:3)
  7 adders
  3 gnolls (D:2)
  A giant mite (D:2)
  A worm (D:2)
  2 oozes
  2 orcs (D:2)
  A ball python (D:1)
  3 giant cockroaches
  9 goblins
  10 hobgoblins
  8 kobolds
  8 bats
  A giant gecko (D:3)
  A giant newt (D:2)
  7 rats
  A plant (D:2)
66 creatures vanquished.

Vanquished Creatures (others)
  A kobold (D:2)
  A rat (D:1)
  A plant (D:2)
3 creatures vanquished.

Grand Total: 69 creatures vanquished

Notes
Turn   | Place    | Note
--------------------------------------------------------------
     0 | D:1      | Kae, the Deep Elf Ice Elementalist, began the quest for the Orb.
     0 | D:1      | Reached XP level 1. HP: 10/10 MP: 4/4
   283 | D:1      | Reached XP level 2. HP: 10/15 MP: 7/7
   288 | D:1      | Learned a level 2 spell: Throw Frost
   691 | D:2      | Reached skill level 4 in Ice Magic
   691 | D:2      | Reached XP level 3. HP: 8/19 MP: 8/10
  1099 | D:2      | Reached XP level 4. HP: 18/24 MP: 11/13
  1105 | D:2      | Learned a level 3 spell: Ozocubu's Armour
  1399 | D:2      | Found a snail-covered altar of Cheibriados.
  1881 | D:3      | Reached XP level 5. HP: 25/28 MP: 14/16
  1981 | D:3      | Reached skill level 5 in Ice Magic
  2335 | D:3      | Killed from afar by an orc wizard

Action                   |  1- 3 |  4- 6 || total
-------------------------+-------+-------++-------
Melee: Unarmed           |    26 |     8 ||    34
 Cast: Freeze            |    44 |    70 ||   114
 Stab: Sleeping          |     1 |       ||     1
